 Dungeon Crawl Stone Soup version 0.29.1-2-gbd0b4ee654 (webtiles) character file.

Game seed: 12907252471724754267

232 plokij the Covered (level 5, -2/36 (47) HPs)
             Began as a Minotaur Fighter on Oct 23, 2022.
             Slain by Edmund
             ... wielding a +2 flail of draining
              (10 damage)
             ... on level 3 of the Dungeon.
             The game lasted 00:07:00 (3140 turns).

plokij the Covered (Minotaur Fighter)               Turns: 3140, Time: 00:07:01

HP:   -2/36 (47)    AC:  9    Str: 31    XL:     5   Next: 73%
MP:   4/4           EV:  9    Int:  5    God:
Gold: 210           SH:  4    Dex: 10    Spells: 4/4 levels left

rFire   . . .      SeeInvis .   a - +0 war axe
rCold   . . .      Faith    .   c - +0 buckler
rNeg    . . .      Spirit   .   t - +0 chain mail of Zaacrec {Fly rPois Str+3}
rPois   +          Reflect  .   (helmet restricted)
rElec   .          Harm     .   (no cloak)
rCorr   .          Rampage  .   (no gloves)
Will    .....                   (no boots)
Stlth   ..........              (no amulet)
HPRegen 0.12/turn               x - +6 ring of strength
MPRegen 0.09/turn               (no ring)

@: flying, heavily drained
A: horns 2, retaliatory headbutt
a: no special abilities


You were on level 3 of the Dungeon.
You visited 1 branch of the dungeon, and saw 4 of its levels.

You collected 210 gold pieces.

Inventory:

Hand Weapons
 a - a +0 war axe (weapon)
Missiles
 z - a throwing net (quivered)
Armour
 c - a +0 buckler (worn)
 t - the +0 chain mail of Zaacrec (worn) {Fly rPois Str+3}
   (You found it on level 2 of the Dungeon)

   Str:       It affects your strength (+3).
   rPois:     It protects you from poison.
   Fly:       It grants you flight.
Jewellery
 u - a ring of protection from cold
 x - a +6 ring of strength (left hand)
Wands
 w - a wand of mindburst (2)
Scrolls
 b - 2 scrolls of identify {unknown}
 e - a scroll of brand weapon {unknown}
 f - a scroll of torment {unknown}
 k - a scroll of fear {unknown}
 l - 2 scrolls of teleportation {unknown}
 m - a scroll of poison {unknown}
 o - a scroll of silence {unknown}
 q - a scroll of enchant weapon {unknown}
 r - a scroll of butterflies {unknown}
 s - 3 scrolls of blinking {unknown}
 y - a scroll of magic mapping {unknown}
Potions
 d - 3 potions of might
 g - a potion of degeneration {unknown}
 h - 2 potions of curing
 i - a potion of cancellation {unknown}
 j - 2 potions of mutation {unknown}
 n - 3 potions of flight {unknown}
 p - 2 potions of heal wounds {unknown}
 v - a potion of attraction {unknown}


   Skills:
 + Level 4.4 Fighting
 * Level 4.5 Axes
 + Level 4.7 Armour
 + Level 2.3 Dodging
 + Level 4.6 Shields


You had 4 spell levels left.
You didn't know any spells.
Your spell library contained the following spells:

 Spells                   Type           Power      Damage    Failure   Level
 Apportation              Tloc           0%         N/A       97%         1
 Slow                     Hex            0%         N/A       97%         1
 Confusing Touch          Hex            0%         N/A       100%        3
 Gell's Gravitas          Tloc           0%         N/A       100%        3
 Lesser Beckoning         Tloc           0%         N/A       100%        3
 Teleport Other           Tloc           0%         N/A       100%        3
 Vampiric Draining        Necr           0%         2d6       100%        3
 Leda's Liquefaction      Hex/Erth       0%         N/A       100%        4
 Alistair's Intoxication  Tmut/Pois      0%         N/A       100%        5
 Lee's Rapid Deconstruct  Erth           0%         3d5*      100%        5
 Statue Form              Tmut/Erth      0%         N/A       100%        6


Dungeon Overview and Level Annotations

Branches:
Dungeon (4/15)
 Temple: D:4-7

Altars:
Cheibriados
Elyvilon
Hepliaklqana
Ru

Shops:
D:2 !

Annotations:
D:3 Edmund


Innate Abilities, Weirdness & Mutations

You have a pair of horns on your head.
You reflexively headbutt those who attack you in melee.


Message History

You hit Edmund but do no damage. You headbutt Edmund.
Edmund is lightly wounded.
Edmund hits you with a +2 flail of draining.
* * * LOW HITPOINT WARNING * * *
You feel drained.
You barely miss Edmund.
Edmund is lightly wounded.
Edmund hits you with a +2 flail of draining.
* * * LOW HITPOINT WARNING * * *
You feel drained.
Edmund hits you with a +2 flail of draining.
* * * LOW HITPOINT WARNING * * *
You feel drained.
* * * LOW HITPOINT WARNING * * *
It was a potion of curing.
You feel better. Edmund closely misses you.
You closely miss Edmund.
Edmund is lightly wounded.
Edmund closely misses you.
You slash Edmund!
Edmund is heavily wounded.
Edmund hits you but does no damage.
You feel drained.
You slash Edmund! Your headbutt misses Edmund.
Edmund is severely wounded.
Edmund hits you with a +2 flail of draining!
* * * LOW HITPOINT WARNING * * *
You feel drained.
Edmund drinks a potion.
Edmund is healed!
You slash Edmund! You headbutt Edmund, but do no damage.
Edmund is severely wounded.
Edmund hits you but does no damage.
You feel drained.
You feel better. Edmund hits you but does no damage.
You feel drained.
You hit Edmund but do no damage.
Edmund is severely wounded.
Edmund hits you with a +2 flail of draining.
* * * LOW HITPOINT WARNING * * *
You feel drained.
You hit Edmund.
Edmund is severely wounded.
Edmund barely misses you.
Edmund hits you with a +2 flail of draining!
You die...

.......#..........# #.#
##.# .......####...#####
#.###..# .###......#)###
#.##..## .###.#.##...###
#.##.## ..##<#.###....##
#.##.# #.####.##......#
###....# .##
#.##......#####...####
## #.##......##...(#.#
######.##......@@)####.#
.....#.##......#)## #.#
####.#.##......#.# #.#
##.....##......#.#####.#
.#.######......#.......#
#..# ########.#######
#### #.# ###


You could see Edmund.

Vanquished Creatures
  Jessica (D:2)
  Natasha (D:2)
  Ijyb (D:3)
  4 gnolls
  3 adders
  3 dart slugs
  2 worms (D:2)
  6 orcs (D:3)
  6 endoplasms
  A giant cockroach (D:1)
  7 goblins
  7 hobgoblins
  2 jackals
  6 kobolds
  3 quokkas
  8 ball pythons
  5 bats
  A frilled lizard (D:3)
  6 rats
73 creatures vanquished.

Vanquished Creatures (others)
  2 plants (D:3)
2 creatures vanquished.

Grand Total: 75 creatures vanquished

Notes
Turn   | Place    | Note
-------+----------+-------------------------------------------
     0 | D:1      | plokij the Minotaur Fighter began the quest for the Orb.
     0 | D:1      | Reached XP level 1. HP: 19/19 MP: 0/0
   200 | D:1      | Reached XP level 2. HP: 22/27 MP: 1/1
   699 | D:1      | Found a faded altar of an unknown god.
  1095 | D:2      | Reached XP level 3. HP: 24/33 MP: 2/2
  1174 | D:2      | Identified the +0 chain mail of an ice cave {Contam Harm
                  | Str+6}
  1228 | D:2      | Noticed Jessica
  1233 | D:2      | Killed Jessica
  1234 | D:2      | Reached skill level 1 in Dodging
  1287 | D:2      | Found Ogenk's Distillery.
  1366 | D:2      | Reached XP level 4. HP: 27/40 MP: 3/3
  1549 | D:2      | Noticed Natasha
  1552 | D:2      | Killed Natasha
  1751 | D:2      | Identified the +0 chain mail of Zaacrec {Fly rPois Str+3}
  1786 | D:2      | Found a white marble altar of Elyvilon.
  2027 | D:3      | Found a snail-covered altar of Cheibriados.
  2028 | D:3      | Found a hazy altar of Hepliaklqana.
  2029 | D:3      | Found a white marble altar of Elyvilon.
  2030 | D:3      | Found a sacrificial altar of Ru.
  2169 | D:3      | Noticed Ijyb
  2176 | D:3      | Killed Ijyb
  2177 | D:3      | Reached XP level 5. HP: 39/46 MP: 4/4
  2735 | D:3      | You are sucked into a shaft and drop 1 floor!
  2737 | D:4      | Noticed Edmund
  3132 | D:3      | HP: 2/41 [Edmund/+2 flail of draining (1)]
  3140 | D:3      | Slain by Edmund

Illustrated notes

Levels and vault maps discovered:
D:1:      dpeg_arrival_refuge, layout_loops_ring,
          nicolae_ecumenical_snake_handling, minmay_unequal
D:2:      layout_loops_ring, basic_altar, serial_shops, shop, uniq_natasha,
          uniq_jessica
D:3:      cheibrodos_old_hovel, layout_basic,
          chequers_temple_overflow_statue_of_worship, hex_intersection,
          uniq_ijyb
D:4:      layout_cave_pools, mainiacjoe_overflow_brackets,
          minmay_temple_entry_mini_moons, uniq_edmund

Skill      XL: |  1  2  3  4  5 |
---------------+----------------+-----
Axes           | 3 4 |  4.5
Armour         | 4 |  4.7
Shields        | 4 |  4.6
Fighting       | 4 |  4.4
Dodging        | 1 2 |  2.3

Action                   |  1- 3 |  4- 6 || total
-------------------------+-------+-------++-------
Melee: War axe           |    84 |    86 ||   170
       Headbutt          |     8 |    10 ||    18
  Use: Potion            |       |     2 ||     2
Armor: Scale mail        |    45 |       ||    45
       Chain mail        |     5 |    39 ||    44
Dodge: Dodged            |    37 |    60 ||    97
Block: Buckler           |    23 |    21 ||    44
